 Dungeon Crawl Stone Soup version 0.29-a0-557-g43b9904bd1 (webtiles) character file.

Game seed: 17459709757446429381

110 Hubjo the Insei (level 4, -4/33 HPs)
             Began as a Demonspawn Transmuter on June 8, 2022.
             Was a Believer of Makhleb.
             Slain by a gnoll
             ... wielding a +0 halberd
              (15 damage)
             ... on level 3 of the Dungeon.
             The game lasted 00:04:07 (2947 turns).

Hubjo the Insei (Demonspawn Transmuter)             Turns: 2947, Time: 00:04:08

Health: -4/33      AC:  3    Str: 11    XL:     4   Next: 61%
Magic:  7/7        EV: 17    Int: 14    God:    Makhleb [**....]
Gold:   102        SH:  0    Dex: 15    Spells: 2/7 levels left

rFire   . . .      SeeInvis .     - Unarmed
rCold   . . .      Faith    +   (no shield)
rNeg    . . .      Spirit   .   a - +0 robe
rPois   .          Reflect  .   (helmet currently unavailable)
rElec   .          Harm     .   (no cloak)
rCorr   .          Rampage  .   (no gloves)
Will    .....                   (boots currently unavailable)
Stlth   ++........              f - amulet of faith
HPRegen 0.11/turn               (no ring)
MPRegen 0.10/turn               (no ring)

@: agile, appendages (expiring)
A: talons 2, horns 1, powered by pain 1, sharp scales 1
a: End Transformation, Renounce Religion, Minor Destruction


You were on level 3 of the Dungeon.
You worshipped Makhleb.
Makhleb was pleased with you.
You had temporarily grown beastly talons.
You visited 1 branch of the dungeon, and saw 3 of its levels.

You collected 102 gold pieces.

Inventory:

Armour
 a - a +0 robe (worn)
Jewellery
 f - an amulet of faith (around neck)
Scrolls
 c - a scroll of identify
 e - a scroll of fog
 g - a scroll of teleportation
Potions
 b - a potion of lignification
 d - a potion of curing


   Skills:
 + Level 2.2 Fighting
 - Level 1.7 Dodging
 + Level 1.6 Stealth
 + Level 3.2 Unarmed Combat
 + Level 2.4 Spellcasting
 * Level 2.6 Transmutations
 + Level 0.2 Ice Magic


You had 2 spell levels left.
You knew the following spells:

 Your Spells              Type           Power      Damage    Failure   Level
a - Beastly Appendage     Tmut           18%        N/A       8%          1
b - Ice Form              Ice/Tmut       5%         N/A       77%         4

Your spell library contained the following spells:

 Spells                   Type           Power      Damage    Failure   Level
 Wereblood                Tmut           9%         N/A       12%         2
 Spider Form              Tmut/Pois      5%         N/A       36%         3
 Call Canine Familiar     Summ           1%         N/A       56%         3
 Inner Flame              Hex/Fire       1%         N/A       56%         3
 Portal Projectile        Hex/Tloc       2%         N/A       56%         3
 Cause Fear               Hex            0%         N/A       92%         4
 Leda's Liquefaction      Hex/Erth       0%         N/A       92%         4
 Discord                  Hex            0%         N/A       100%        8


Dungeon Overview and Level Annotations

Branches:
Dungeon (3/15)

Altars:
Makhleb


Innate Abilities, Weirdness & Mutations

You have temporarily grown beastly talons.
You have a pair of small horns on your head.
You sometimes gain a little power by taking damage.
You are partially covered in razor-sharp scales. (AC +1, Slay +1)


Message History

The gnoll is moderately wounded.
The gnoll barely misses you.
An adder comes into view.
The adder hisses angrily.
You hit the gnoll but do no damage. Your kick misses the gnoll.
The gnoll is moderately wounded.
The gnoll barely misses you. The gnoll hits you with a +0 club.
You hit the gnoll.
The gnoll is severely wounded.
Your transformation is almost over.
The gnoll barely misses you. The gnoll hits you with a +0 club.
You barely miss the gnoll.
The gnoll shouts!
Your headbutt misses the gnoll.
The gnoll is severely wounded.
The gnoll completely misses you. The gnoll barely misses you.
You hit the gnoll.
The gnoll is almost dead.
The gnoll closely misses you. The gnoll hits you with a +0 club.
You hit the gnoll.
You kill the gnoll!
Makhleb accepts your kill. The gnoll closely misses you.
You punch the gnoll! You claw the gnoll.
You kill the gnoll!
Makhleb accepts your kill.
You feel better. The gnoll closely misses you.
You barely miss the adder. The adder closely misses you.
The gnoll hits you from afar with a +0 halberd!
You focus on the pain.
You feel agile all of a sudden.
You hit the adder. You headbutt the adder.
The adder is heavily wounded.
The adder completely misses you. The gnoll closely misses you.
The adder completely misses you.
You hit the adder. Your kick misses the adder. You punch the adder.
The adder is almost dead.
The adder misses you.
The gnoll hits you from afar with a +0 halberd!
You die...

. ..# . ....# ..
.#...#### ..#
...#gS@.# ...#
......##.## ...#
..........##...#
..........<..#
.............#
#........###.#
.......... .#
......... .
..###.##. ..


You could see a gnoll and an adder.

Vanquished Creatures
  3 gnolls (D:3)
  3 adders (D:2)
  A worm (D:2)
  2 ball pythons (D:2)
  8 bats
  5 endoplasms
  3 giant cockroaches (D:1)
  5 goblins
  5 hobgoblins
  3 jackals (D:1)
  3 kobolds
  A quokka (D:1)
  4 frilled lizards
  6 rats
52 creatures vanquished.

Notes
Turn   | Place    | Note
-------+----------+-------------------------------------------
     0 | D:1      | Hubjo the Demonspawn Transmuter began the quest for the
                  | Orb.
     0 | D:1      | Reached XP level 1. HP: 15/15 MP: 3/3
   155 | D:1      | Gained mutation: You have a pair of small horns on your
                  | head. [demonic ancestry]
   155 | D:1      | Reached XP level 2. HP: 21/21 MP: 3/5
   299 | D:1      | Found a faded altar of an unknown god.
   311 | D:1      | Prayed at the altar of an unknown god.
   311 | D:1      | Became a worshipper of Makhleb the Destroyer
   311 | D:1      | Reached * piety under Makhleb
   788 | D:1      | Reached skill level 1 in Stealth
  1010 | D:1      | Gained mutation: You are partially covered in razor-sharp
                  | scales. (AC +1, Slay +1) [demonic ancestry]
  1010 | D:1      | Reached XP level 3. HP: 19/27 MP: 6/6
  1304 | D:2      | Reached skill level 3 in Unarmed Combat
  1991 | D:2      | Reached ** piety under Makhleb
  2161 | D:2      | Gained mutation: You sometimes gain a little power by
                  | taking damage. [demonic ancestry]
  2161 | D:2      | Reached XP level 4. HP: 12/33 MP: 7/7
  2882 | D:2      | Learned a level 4 spell: Ice Form
  2947 | D:3      | Slain by a gnoll

Illustrated notes

Levels and vault maps discovered:
D:1:      eino_arrival_water_star, layout_basic,
          chequers_ecumenical_altar_simple_redux, dreamdust_wishing_well
D:2:      layout_basic, minmay_between
D:3:      layout_rooms, led_xom_imps, mainiacjoe_overflow_catwalk, uniq_ijyb

Skill      XL: |  1  2  3 |
---------------+----------+-----
Transmutations | 2 |  2.6
Stealth        | 1 |  1.6
Unarmed Combat | 3 |  3.2
Fighting       | 2 |  2.2
Dodging        | |  1.7
Spellcasting   | |  2.4
Ice Magic      | |  0.2

Action                   |  1- 3 |  4- 6 || total
-------------------------+-------+-------++-------
Melee: Unarmed           |   143 |    30 ||   173
       Kick              |    26 |     4 ||    30
       Headbutt          |    17 |     5 ||    22
       Punch             |     2 |     1 ||     3
 Cast: Beastly Appendage |    29 |     6 ||    35
  Use: Scroll            |     1 |     2 ||     3
 Stab: Sleeping          |     4 |     1 ||     5
Armor: Robe              |    24 |     4 ||    28
Dodge: Dodged            |    99 |    22 ||   121

Table legend: (Time is in decaauts)
 A = Elapsed time spent in this place.
 B = Non-inter-level travel time spent in this place.
 C = Inter-level travel time spent in this place.
 D = Time resting spent in this place.
 E = Time spent auto-exploring this place.
 F = Levels seen in this place.
 G = Mean time per level.
                   A        B        C        D        E       F      G
               +--------+--------+--------+--------+--------+-----+--------+
         Total |   2938 |   2923 |     15 |      0 |   2473 |   3 |  979.3 |
       Dungeon |   2938 |   2923 |     15 |      0 |   2473 |   3 |  979.3 |
               +--------+--------+--------+--------+--------+-----+--------+

Top non-repeatable levels by time:
     D:2: 1627 daAuts
     D:1: 1286 daAuts
     D:3: 24 daAuts
